Maple Leafs vs Predators

Created - 14 décembre 2021 at 17:10

Goals
1 2 3 T
Maple Leafs 1 1 0 2
Predators 1 2 0 3
Shots
1 2 3 T
Maple Leafs 8 12 15 35
Predators 8 16 7 31

1st period

1. Maple Leafs , Cam Fowler 2 (Andrei Svechnikov 11, Nikolaj Ehlers 16) at 10:14 (PP)
2. Predators , Radek Faksa 3 (Evander Kane 10) at 10:44

Penalties :
Patric Hornqvist (NSH) for High sticking (Minor) at 0:58, Aleksander Barkov (NSH) for Hooking (Minor) at 9:36

2nd period

3. Predators , Egor Sharangovich 6 (Evander Kane 11, Adam Fox 10) at 9:10
4. Predators , Egor Sharangovich 7 (Evander Kane 12, Radek Faksa 6) at 17:17
5. Maple Leafs , Logan Couture 9 (Andrei Svechnikov 12) at 18:17

Penalties :
No Penalty

3rd period

No Goal

Penalties :
Vladislav Gavrikov (NSH) for Tripping (Minor) at 12:15

Goalie Stats

Jordan Binnington (TOR), 28 saves from 31 shots - (0,903), L, 10-7-2, 59:06 minutes
Jeremy Swayman (NSH), 33 saves from 35 shots - (0,943), W, 5-0-0, 60:00 minutes

Players Stats for Maple Leafs

Player Name              G  A  P  +/- PIM S  H  SB GA TA FO     MP     PP MP  PK MP  
------------------------------------------------------------------------------------
Alex Iafallo             0  0  0   0  0   2  0  1  1  1  0/3    19:51   1:48   0:00 
Alexander Romanov        0  0  0   0  0   2  0  2  0  0  0/0    16:41   1:54   0:00 
Andrei Svechnikov        0  2  2  -1  0   6  3  0  1  0  0/0    17:33   2:48   0:00 
Ben Hutton               0  0  0  -2  0   0  2  1  0  0  0/0    19:05   2:42   0:00 
Blake Comeau             0  0  0   0  0   0  3  0  1  1  0/0    10:00   0:00   0:00 
Brandon Tanev            0  0  0  -1  0   2  4  0  0  0  0/0    14:45   0:00   0:00 
Cam Fowler               1  0  1   0  0   2  0  1  0  1  0/0    25:54   2:42   0:00 
Derek Ryan               0  0  0   0  0   0  0  0  1  0  0/2    10:00   0:00   0:00 
Hampus Lindholm          0  0  0   0  0   0  2  1  0  1  0/0    24:14   0:00   0:00 
Jesper Bratt             0  0  0  -1  0   3  0  1  2  0  1/1    14:40   1:48   0:00 
Kaapo Kakko              0  0  0  -1  0   0  0  0  1  0  0/0    12:36   0:00   0:00 
Logan Couture            1  0  1  -1  0   6  2  0  0  0  7/15   15:47   0:00   0:00 
Mattias Janmark          0  0  0   0  0   4  1  1  0  0  0/0    10:00   0:00   0:00 
Mike Hoffman             0  0  0  -1  0   0  1  1  1  0  4/15   15:24   2:48   0:00 
Mikhail Sergachev        0  0  0   0  0   0  0  3  0  0  0/0    15:27   0:00   0:00 
Nikolaj Ehlers           0  1  1   0  0   5  1  0  0  2  0/1    20:35   2:48   0:00 
Ryan Johansen            0  0  0   0  0   3  1  0  1  2  7/17   18:49   1:48   0:00 
Travis Dermott           0  0  0  -2  0   0  0  2  0  1  0/0    18:39   1:54   0:00 

Players Stats for Predators

Player Name              G  A  P  +/- PIM S  H  SB GA TA FO     MP     PP MP  PK MP  
------------------------------------------------------------------------------------
Adam Fox                 0  1  1   1  0   3  0  3  0  1  0/0    21:41   0:00   2:40 
Aleksander Barkov        0  0  0  -1  2   3  1  1  0  0  14/24  17:32   0:00   0:00 
Anthony Duclair          0  0  0  -1  0   1  3  0  0  0  1/2    16:35   0:00   0:00 
Brandon Hagel            0  0  0   0  0   2  0  1  0  0  0/0    10:06   0:00   0:00 
Brayden Point            0  0  0  -1  0   2  1  0  2  1  1/1    17:33   0:00   0:00 
Cal Clutterbuck          0  0  0   0  0   1  0  0  0  0  0/0    10:06   0:00   0:00 
Carl Soderberg           0  0  0   0  0   3  4  1  1  0  7/7    14:30   0:00   2:17 
Danny DeKeyser           0  0  0   1  0   0  1  0  0  0  0/0    16:25   0:00   0:00 
Egor Sharangovich        2  0  2   3  0   4  1  1  0  0  0/1    15:32   0:00   0:00 
Evander Kane             0  3  3   3  0   1  2  0  3  0  0/1    17:51   0:00   2:19 
Jaccob Slavin            0  0  0   1  0   1  0  2  0  2  0/0    23:03   0:00   2:43 
Jack Johnson             0  0  0   1  0   2  1  0  0  1  0/0    17:25   0:00   0:25 
Jay Beagle               0  0  0   0  0   2  2  0  0  0  5/6    12:29   0:00   2:17 
Milan Lucic              0  0  0   0  0   0  1  0  0  1  0/1    12:07   0:00   0:00 
Patric Hornqvist         0  0  0   0  2   0  0  0  1  0  0/0    13:06   0:00   0:00 
Radek Faksa              1  1  2   3  0   3  2  1  1  1  7/11   17:51   0:00   2:19 
Samuel Girard            0  0  0   0  0   3  1  2  1  1  0/0    22:16   0:00   2:29 
Vladislav Gavrikov       0  0  0   0  2   0  1  1  0  1  0/0    19:13   0:00   0:55 

3 Stars

1 - Egor Sharangovich (NSH)
2 - Radek Faksa (NSH)
3 - Evander Kane (NSH)

Power Play

Maple Leafs - 1 on 3 Attempt(s) - 33,33%
Predators - 0 on 0 Attempt(s) - 0,00%

Penalty Kill

Maple Leafs - 0 on 0 Attempt(s) - 0,00% - Score 0 goal in Penalty Kill
Predators - 2 on 3 Attempt(s) - 66,67% - Score 0 goal in Penalty Kill

Team Stat

Maple Leafs - Hits : 20 - Faceoff Wins : 19 - Blocked Shots : 14 - Penalty Minutes : 0
Predators - Hits : 21 - Faceoff Wins : 35 - Blocked Shots : 13 - Penalty Minutes : 6

Official

Referees : Kelly Sutherland and TJ Luxmore
Linesman : Derek Amell and Brad Kovachik

Game Notes

No Game Note

Finance

Level 1 -- Attendance: 6000 (100,00%) -- Ticket Income 570 000 $
Level 2 -- Attendance: 4825 (96,50%) -- Ticket Income 299 150 $
Level 3 -- Attendance: 2000 (100,00%) -- Ticket Income 70 000 $
Level 4 -- Attendance: 3809 (95,23%) -- Ticket Income 83 798 $
Luxury Box -- Attendance: 950 (95,00%) -- Ticket Income 166 250 $
Game was played at the Bridgestone arena.
Total Attendance: 17584 (97,69%)
Total Ticket Income: 1 189 198 $
Other Income: 582 707 $
Total Income: 1 771 905 $

Maple Leafs

5 vs 5 Forward 
   Center                   Left Wing                Right Wing               Time % Phy DF OF 
 1 Ryan Johansen            Alex Iafallo             Nikolaj Ehlers           34     0   1  4  
 2 Logan Couture            Andrei Svechnikov        Brandon Tanev            30     0   1  4  
 3 Mike Hoffman             Jesper Bratt             Kaapo Kakko              26     0   2  3  
 4 Derek Ryan               Blake Comeau             Mattias Janmark          10     0   4  1  

5 vs 5 Defense 
   Defense                  Defense                                           Time % Phy DF OF 
 1 Hampus Lindholm          Cam Fowler                                        40     0   4  1  
 2 Travis Dermott           Ben Hutton                                        30     0   3  2  
 3 Alexander Romanov        Mikhail Sergachev                                 20     0   4  1  
 4 Cam Fowler               Hampus Lindholm                                   10     0   5  0  

PowerPlay Forward 
   Center                   Left Wing                Right Wing               Time % Phy DF OF 
 1 Mike Hoffman             Andrei Svechnikov        Nikolaj Ehlers           60     0   0  5  
 2 Ryan Johansen            Alex Iafallo             Jesper Bratt             40     1   2  2  

PowerPlay Defense
   Defense                  Defense                                           Time % Phy DF OF 
 1 Ben Hutton               Cam Fowler                                        60     0   0  5  
 2 Alexander Romanov        Travis Dermott                                    40     0   2  3  

Penalty Kill 4 Players Forward 
   Center                   Wing                     Time % Phy DF OF 
 1 Derek Ryan               Brandon Tanev            60     1   2  2  
 2 Logan Couture            Blake Comeau             40     1   2  2  

Penalty Kill 4 Players Defense
   Defense                  Defense                  Time % Phy DF OF 
 1 Cam Fowler               Hampus Lindholm          60     1   2  2  
 2 Alexander Romanov        Travis Dermott           40     1   2  2  

Penalty Kill - 3 Players Forward 
   Forward                                           Time % Phy DF OF 
 1 Derek Ryan                                        60     1   2  2  
 2 Brandon Tanev                                     40     1   2  2  

Penalty Kill - 3 Players Defense
   Defense                  Defense                  Time % Phy DF OF 
 1 Ben Hutton               Travis Dermott           60     1   2  2  
 2 Cam Fowler               Alexander Romanov        40     1   2  2  

4 vs 4 Forward 
   Center                   Wing                     Time % Phy DF OF 
 1 Ryan Johansen            Alex Iafallo             60     1   2  2  
 2 Derek Ryan               Andrei Svechnikov        40     1   2  2  

4 vs 4 Defense
   Defense                  Defense                  Time % Phy DF OF 
 1 Hampus Lindholm          Cam Fowler               60     1   2  2  
 2 Alexander Romanov        Travis Dermott           40     1   2  2  

Last Minutes Offensive
   Center                   Left Wing                Right Wing               Defense                  Defense                  
   Logan Couture            Alex Iafallo             Nikolaj Ehlers           Hampus Lindholm          Ben Hutton               

Last Minutes Defensive
   Center                   Left Wing                Right Wing               Defense                  Defense                  
   Logan Couture            Alex Iafallo             Nikolaj Ehlers           Hampus Lindholm          Ben Hutton               

Goaltenders
Starting : Jordan Binnington        
Backup : Anders Nilsson           

Extra Forwards
Normal : Mike Hoffman, Jesper Bratt, Mattias Janmark - PP : Mike Hoffman, Jesper Bratt - PK : Mattias Janmark
Extra Defensemen
Normal : Travis Dermott, Hampus Lindholm, Alexander Romanov - PP : Alexander Romanov - PK : Travis Dermott, Alexander Romanov
Penalty Shots
Nikolaj Ehlers, Mike Hoffman, Logan Couture, Andrei Svechnikov, Alex Iafallo
Custom OT Lines Forwards
Logan Couture, Alex Iafallo, Nikolaj Ehlers, Andrei Svechnikov, Brandon Tanev, Ryan Johansen, Mike Hoffman, Jesper Bratt, Mattias Janmark, Blake Comeau
Custom OT Lines Defensemen
Hampus Lindholm, Cam Fowler, Alexander Romanov, Travis Dermott, Ben Hutton

Scratches
None

Predators

5 vs 5 Forward 
   Center                   Left Wing                Right Wing               Time % Phy DF OF 
 1 Aleksander Barkov        Brayden Point            Anthony Duclair          33     0   2  3  
 2 Radek Faksa              Evander Kane             Egor Sharangovich        31     1   2  2  
 3 Carl Soderberg           Milan Lucic              Patric Hornqvist         25     1   3  1  
 4 Jay Beagle               Brandon Hagel            Cal Clutterbuck          11     1   3  1  

5 vs 5 Defense 
   Defense                  Defense                                           Time % Phy DF OF 
 1 Jaccob Slavin            Adam Fox                                          36     0   2  3  
 2 Vladislav Gavrikov       Samuel Girard                                     34     0   2  3  
 3 Jack Johnson             Danny DeKeyser                                    30     1   4  0  
 4 Jaccob Slavin            Jack Johnson                                      0      1   2  2  

PowerPlay Forward 
   Center                   Left Wing                Right Wing               Time % Phy DF OF 
 1 Aleksander Barkov        Brayden Point            Anthony Duclair          55     1   0  4  
 2 Radek Faksa              Evander Kane             Egor Sharangovich        45     1   0  4  

PowerPlay Defense
   Defense                  Defense                                           Time % Phy DF OF 
 1 Jaccob Slavin            Adam Fox                                          55     0   1  4  
 2 Vladislav Gavrikov       Samuel Girard                                     45     0   1  4  

Penalty Kill 4 Players Forward 
   Center                   Wing                     Time % Phy DF OF 
 1 Jay Beagle               Carl Soderberg           50     1   4  0  
 2 Radek Faksa              Evander Kane             50     1   4  0  

Penalty Kill 4 Players Defense
   Defense                  Defense                  Time % Phy DF OF 
 1 Jaccob Slavin            Adam Fox                 50     1   4  0  
 2 Vladislav Gavrikov       Samuel Girard            50     1   4  0  

Penalty Kill - 3 Players Forward 
   Forward                                           Time % Phy DF OF 
 1 Jay Beagle                                        50     0   5  0  
 2 Radek Faksa                                       50     0   5  0  

Penalty Kill - 3 Players Defense
   Defense                  Defense                  Time % Phy DF OF 
 1 Jaccob Slavin            Adam Fox                 50     1   4  0  
 2 Vladislav Gavrikov       Samuel Girard            50     1   4  0  

4 vs 4 Forward 
   Center                   Wing                     Time % Phy DF OF 
 1 Aleksander Barkov        Brayden Point            50     1   2  2  
 2 Carl Soderberg           Milan Lucic              50     1   2  2  

4 vs 4 Defense
   Defense                  Defense                  Time % Phy DF OF 
 1 Jack Johnson             Danny DeKeyser           50     1   3  1  
 2 Vladislav Gavrikov       Samuel Girard            50     1   3  1  

Last Minutes Offensive
   Center                   Left Wing                Right Wing               Defense                  Defense                  
   Aleksander Barkov        Brayden Point            Patric Hornqvist         Jaccob Slavin            Adam Fox                 

Last Minutes Defensive
   Center                   Left Wing                Right Wing               Defense                  Defense                  
   Aleksander Barkov        Brayden Point            Patric Hornqvist         Jaccob Slavin            Adam Fox                 

Goaltenders
Starting : Jeremy Swayman           
Backup : Cam Talbot               

Extra Forwards
Normal : Evander Kane, Aleksander Barkov, Brayden Point - PP : Evander Kane, Brayden Point - PK : Aleksander Barkov
Extra Defensemen
Normal : Jaccob Slavin, Vladislav Gavrikov, Adam Fox - PP : Vladislav Gavrikov - PK : Samuel Girard, Jaccob Slavin
Penalty Shots
Aleksander Barkov, Jack Johnson, Anthony Duclair, Jaccob Slavin, Brayden Point
Custom OT Lines Forwards
Brayden Point, Patric Hornqvist, Aleksander Barkov, Evander Kane, Radek Faksa, Anthony Duclair, Carl Soderberg, Egor Sharangovich, Jay Beagle, Milan Lucic
Custom OT Lines Defensemen
Adam Fox, Jaccob Slavin, Samuel Girard, Vladislav Gavrikov, Jack Johnson

Scratches
Alexandre Texier (Healthy), Robert Bortuzzo (Healthy), Michael Hutchinson (Healthy)

% Time on Ice - Maple Leafs

Lines # - Real PCT - Wanted PCT - Time Play
Normal Forward
1 - 31% - 34% - 16:45
2 - 28% - 30% - 15:01
3 - 23% - 26% - 12:36
4 - 18% - 10% - 10:00
Normal Defense
1 - 37% - 40% - 20:16
2 - 31% - 30% - 16:45
3 - 27% - 20% - 14:25
4 - 5% - 10% - 2:56
PP Forward
1 - 61% - 60% - 2:48
2 - 39% - 40% - 1:48
PP Defense
1 - 59% - 60% - 2:42
2 - 41% - 40% - 1:54
PK Forward
1 - 0% - 60%
2 - 0% - 40%
PK Defense
1 - 0% - 60%
2 - 0% - 40%
PK3 Forward
1 - 0% - 60%
2 - 0% - 40%
PK3 Defense
1 - 0% - 60%
2 - 0% - 40%
44 Forward
1 - 0% - 60%
2 - 0% - 40%
44 Defense
1 - 0% - 60%
2 - 0% - 40%
Last Minute Offensive  - 1:02
Last Minute Defensive  - 0:00
Total
Forward - 60:00
Defense - 60:00

% Time on Ice - Predators

Lines # - Real PCT - Wanted PCT - Time Play
Normal Forward
1 - 31% - 33% - 16:41
2 - 29% - 31% - 15:32
3 - 22% - 25% - 12:07
4 - 19% - 11% - 10:06
Normal Defense
1 - 35% - 36% - 18:47
2 - 34% - 34% - 18:39
3 - 30% - 30% - 16:25
4 - 1% - 0% - 0:35
PP Forward
1 - 0% - 55%
2 - 0% - 45%
PP Defense
1 - 0% - 55%
2 - 0% - 45%
PK Forward
1 - 50% - 50% - 2:17
2 - 50% - 50% - 2:19
PK Defense
1 - 46% - 50% - 2:07
2 - 54% - 50% - 2:29
PK3 Forward
1 - 0% - 50%
2 - 0% - 50%
PK3 Defense
1 - 0% - 50%
2 - 0% - 50%
44 Forward
1 - 0% - 50%
2 - 0% - 50%
44 Defense
1 - 0% - 50%
2 - 0% - 50%
Last Minute Offensive  - 0:00
Last Minute Defensive  - 0:58
Total
Forward - 60:00
Defense - 60:00

Play-by-Play

1st period


0:01 of 1st period - Aleksander Barkov wins face-off versus Ryan Johansen in neutral zone.
0:12 of 1st period - Snap shot by Ryan Johansen.
0:12 of 1st period - Stopped by Jeremy Swayman without a rebound.
0:13 of 1st period - Radek Faksa wins face-off versus Logan Couture in Predators zone.
0:20 of 1st period - Snap shot by Evander Kane.
0:20 of 1st period - Stopped by Jordan Binnington with a rebound.
0:58 of 1st period - Minor Penalty to Patric Hornqvist for High sticking.
0:59 of 1st period - Jay Beagle wins face-off versus Mike Hoffman in Predators zone.
1:48 of 1st period - Evander Kane is hit by Andrei Svechnikov and loses puck.
2:40 of 1st period - Icing by Andrei Svechnikov.
2:41 of 1st period - Radek Faksa wins face-off versus Mike Hoffman in Maple Leafs zone.
2:58 of 1st period - Penalty to Patric Hornqvist is over, Patric Hornqvist is back on ice.
2:59 of 1st period - Icing by Alexander Romanov.
3:00 of 1st period - Ryan Johansen wins face-off versus Aleksander Barkov in Maple Leafs zone.
3:41 of 1st period - Slapshot by Radek Faksa.
3:41 of 1st period - Stopped by Jordan Binnington with a rebound.
4:17 of 1st period - Snap shot by Brandon Hagel.
4:17 of 1st period - Shot Misses the Net.
4:19 of 1st period - Slapshot by Jaccob Slavin.
4:19 of 1st period - Shot Blocked by Mike Hoffman.
4:40 of 1st period - Adam Fox is hit by Mattias Janmark and loses puck.
5:01 of 1st period - Egor Sharangovich is hit by Blake Comeau and loses puck.
5:08 of 1st period - Slapshot by Blake Comeau.
5:08 of 1st period - Shot Hit the Post.
5:10 of 1st period - Slapshot by Ben Hutton.
5:10 of 1st period - Deflect By Mattias Janmark.
5:10 of 1st period - Stopped by Jeremy Swayman without a rebound.
5:11 of 1st period - Aleksander Barkov wins face-off versus Ryan Johansen in Predators zone.
5:40 of 1st period - Snap shot by Evander Kane.
5:40 of 1st period - Shot Misses the Net.
5:44 of 1st period - Slapshot by Evander Kane.
5:44 of 1st period - Shot Misses the Net.
7:05 of 1st period - Snap shot by Andrei Svechnikov.
7:05 of 1st period - Stopped by Jeremy Swayman with a rebound.
7:47 of 1st period - Slapshot by Carl Soderberg.
7:47 of 1st period - Stopped by Jordan Binnington with a rebound.
7:49 of 1st period - Slapshot by Jaccob Slavin.
7:49 of 1st period - Stopped by Jordan Binnington with a rebound.
7:51 of 1st period - Backhand shot by Carl Soderberg.
7:51 of 1st period - Stopped by Jordan Binnington without a rebound.
7:52 of 1st period - Aleksander Barkov wins face-off versus Logan Couture in Maple Leafs zone.
8:37 of 1st period - Ben Hutton is hit by Carl Soderberg and loses puck.
9:06 of 1st period - Slapshot by Jay Beagle.
9:06 of 1st period - Shot Misses the Net.
9:25 of 1st period - Jaccob Slavin is hit by Brandon Tanev and loses puck.
9:36 of 1st period - Minor Penalty to Aleksander Barkov for Hooking.
9:37 of 1st period - Mike Hoffman wins face-off versus Jay Beagle in Predators zone.
9:56 of 1st period - Wrist shot by Radek Faksa.
9:56 of 1st period - Shot Misses the Net.
10:12 of 1st period - Slapshot by Andrei Svechnikov.
10:12 of 1st period - Stopped by Jeremy Swayman with a rebound.
10:14 of 1st period - Slapshot by Cam Fowler.
10:14 of 1st period - Goal by Cam Fowler - Maple Leafs : 1 - Predators : 0.
10:15 of 1st period - Aleksander Barkov wins face-off versus Alex Iafallo in neutral zone.
10:18 of 1st period - Ryan Johansen is hit by Anthony Duclair.
10:44 of 1st period - Slapshot by Radek Faksa.
10:44 of 1st period - Goal by Radek Faksa - Maple Leafs : 1 - Predators : 1.
10:45 of 1st period - Radek Faksa wins face-off versus Alex Iafallo in neutral zone.
11:12 of 1st period - Aleksander Barkov is hit by Hampus Lindholm and loses puck.
11:33 of 1st period - Jesper Bratt is hit by Milan Lucic and loses puck.
12:02 of 1st period - Slapshot by Radek Faksa.
12:02 of 1st period - Stopped by Jordan Binnington with a rebound.
12:04 of 1st period - Snap shot by Jack Johnson.
12:04 of 1st period - Shot Blocked by Ben Hutton.
12:54 of 1st period - Wrist shot by Mattias Janmark.
12:54 of 1st period - Shot Misses the Net.
13:12 of 1st period - Icing by Milan Lucic.
13:13 of 1st period - Carl Soderberg wins face-off versus Logan Couture in Predators zone.
13:44 of 1st period - Snap shot by Carl Soderberg.
13:44 of 1st period - Shot Misses the Net.
14:04 of 1st period - Wrist shot by Andrei Svechnikov.
14:04 of 1st period - Shot Blocked by Vladislav Gavrikov.
14:18 of 1st period - Snap shot by Logan Couture.
14:18 of 1st period - Stopped by Jeremy Swayman with a rebound.
14:20 of 1st period - Slapshot by Alexander Romanov.
14:20 of 1st period - Shot Blocked by Carl Soderberg.
14:22 of 1st period - Snap shot by Brandon Tanev.
14:22 of 1st period - Stopped by Jeremy Swayman with a rebound.
14:24 of 1st period - Snap shot by Logan Couture.
14:24 of 1st period - Stopped by Jeremy Swayman without a rebound.
14:25 of 1st period - Ryan Johansen wins face-off versus Aleksander Barkov in Predators zone.
14:50 of 1st period - Hampus Lindholm is hit by Danny DeKeyser and loses puck.
15:01 of 1st period - Egor Sharangovich is hit by Mike Hoffman.
15:39 of 1st period - Travis Dermott is hit by Anthony Duclair and loses puck.
17:12 of 1st period - Jaccob Slavin is hit by Brandon Tanev and loses puck.
17:23 of 1st period - Brandon Tanev is hit by Radek Faksa and loses puck.
19:16 of 1st period - Snap shot by Jesper Bratt.
19:16 of 1st period - Shot Blocked by Samuel Girard.
19:41 of 1st period - Wrist shot by Samuel Girard.
19:41 of 1st period - Stopped by Jordan Binnington with a rebound.
Goals for this period are 1 for Maple Leafs vs 1 for Predators.
Shots for this period are 8 for Maple Leafs vs 8 for Predators.

2nd period


0:01 of 2nd period - Aleksander Barkov wins face-off versus Ryan Johansen in neutral zone.
0:26 of 2nd period - Nikolaj Ehlers is hit by Carl Soderberg and loses puck.
1:35 of 2nd period - Slapshot by Derek Ryan.
1:35 of 2nd period - Shot Misses the Net.
1:37 of 2nd period - Slapshot by Travis Dermott.
1:37 of 2nd period - Shot Blocked by Brandon Hagel.
1:39 of 2nd period - Slapshot by Ben Hutton.
1:39 of 2nd period - Shot Misses the Net.
1:41 of 2nd period - Slapshot by Ben Hutton.
1:41 of 2nd period - Shot Blocked by Samuel Girard.
1:55 of 2nd period - Travis Dermott is hit by Aleksander Barkov and loses puck.
2:56 of 2nd period - Wrist shot by Aleksander Barkov.
2:56 of 2nd period - Shot Misses the Net.
2:58 of 2nd period - Wrist shot by Aleksander Barkov.
2:58 of 2nd period - Shot Misses the Net.
3:20 of 2nd period - Icing by Jack Johnson.
3:21 of 2nd period - Carl Soderberg wins face-off versus Nikolaj Ehlers in Predators zone.
3:27 of 2nd period - Off-side.
3:28 of 2nd period - Ryan Johansen wins face-off versus Anthony Duclair in neutral zone.
3:37 of 2nd period - Wrist shot by Brayden Point.
3:37 of 2nd period - Stopped by Jordan Binnington without a rebound.
3:38 of 2nd period - Aleksander Barkov wins face-off versus Alex Iafallo in Maple Leafs zone.
3:41 of 2nd period - Wrist shot by Aleksander Barkov.
3:41 of 2nd period - Deflect By Brayden Point.
3:41 of 2nd period - Stopped by Jordan Binnington with a rebound.
3:43 of 2nd period - Wrist shot by Jack Johnson.
3:43 of 2nd period - Stopped by Jordan Binnington without a rebound.
3:44 of 2nd period - Radek Faksa wins face-off versus Ryan Johansen in Maple Leafs zone.
3:50 of 2nd period - Off-side.
3:51 of 2nd period - Ryan Johansen wins face-off versus Radek Faksa in neutral zone.
3:54 of 2nd period - Jaccob Slavin is hit by Ryan Johansen and loses puck.
4:06 of 2nd period - Slapshot by Jaccob Slavin.
4:06 of 2nd period - Shot Misses the Net.
4:08 of 2nd period - Wrist shot by Egor Sharangovich.
4:08 of 2nd period - Stopped by Jordan Binnington without a rebound.
4:09 of 2nd period - Logan Couture wins face-off versus Aleksander Barkov in Maple Leafs zone.
4:09 of 2nd period - Logan Couture is hit by Anthony Duclair.
4:49 of 2nd period - Alex Iafallo is hit by Egor Sharangovich and loses puck.
5:02 of 2nd period - Wrist shot by Jay Beagle.
5:02 of 2nd period - Stopped by Jordan Binnington with a rebound.
5:04 of 2nd period - Snap shot by Brandon Hagel.
5:04 of 2nd period - Shot Misses the Net.
5:11 of 2nd period - Off-side.
5:12 of 2nd period - Aleksander Barkov wins face-off versus Logan Couture in neutral zone.
5:37 of 2nd period - Kaapo Kakko is hit by Jack Johnson and loses puck.
5:41 of 2nd period - Icing by Mike Hoffman.
5:42 of 2nd period - Jesper Bratt wins face-off versus Egor Sharangovich in Maple Leafs zone.
5:51 of 2nd period - Slapshot by Radek Faksa.
5:51 of 2nd period - Deflect By Egor Sharangovich.
5:51 of 2nd period - Shot Blocked by Mikhail Sergachev.
5:51 of 2nd period - Puck is out of play.
5:52 of 2nd period - Aleksander Barkov wins face-off versus Ryan Johansen in Maple Leafs zone.
5:57 of 2nd period - Wrist shot by Brayden Point.
5:57 of 2nd period - Shot Blocked by Alex Iafallo.
5:59 of 2nd period - Snap shot by Anthony Duclair.
5:59 of 2nd period - Stopped by Jordan Binnington with a rebound.
6:01 of 2nd period - Slapshot by Vladislav Gavrikov.
6:01 of 2nd period - Shot Misses the Net.
6:19 of 2nd period - Samuel Girard is hit by Logan Couture and loses puck.
6:26 of 2nd period - Snap shot by Andrei Svechnikov.
6:26 of 2nd period - Shot Blocked by Egor Sharangovich.
6:42 of 2nd period - Snap shot by Mattias Janmark.
6:42 of 2nd period - Stopped by Jeremy Swayman with a rebound.
6:44 of 2nd period - Snap shot by Blake Comeau.
6:44 of 2nd period - Shot Blocked by Jaccob Slavin.
6:52 of 2nd period - Wrist shot by Mattias Janmark.
6:52 of 2nd period - Shot Blocked by Adam Fox.
7:30 of 2nd period - Snap shot by Jesper Bratt.
7:30 of 2nd period - Shot Misses the Net.
8:18 of 2nd period - Wrist shot by Carl Soderberg.
8:18 of 2nd period - Stopped by Jordan Binnington with a rebound.
8:56 of 2nd period - Snap shot by Jay Beagle.
8:56 of 2nd period - Stopped by Jordan Binnington without a rebound.
8:57 of 2nd period - Logan Couture wins face-off versus Radek Faksa in Maple Leafs zone.
9:10 of 2nd period - Wrist shot by Egor Sharangovich.
9:10 of 2nd period - Goal by Egor Sharangovich - Maple Leafs : 1 - Predators : 2.
9:11 of 2nd period - Ryan Johansen wins face-off versus Aleksander Barkov in neutral zone.
9:18 of 2nd period - Wrist shot by Nikolaj Ehlers.
9:18 of 2nd period - Stopped by Jeremy Swayman without a rebound.
9:19 of 2nd period - Aleksander Barkov wins face-off versus Ryan Johansen in Predators zone.
9:30 of 2nd period - Slapshot by Nikolaj Ehlers.
9:30 of 2nd period - Shot Blocked by Jaccob Slavin.
9:32 of 2nd period - Slapshot by Cam Fowler.
9:32 of 2nd period - Stopped by Jeremy Swayman with a rebound.
9:34 of 2nd period - Slapshot by Cam Fowler.
9:34 of 2nd period - Shot Misses the Net.
10:10 of 2nd period - Wrist shot by Mattias Janmark.
10:10 of 2nd period - Stopped by Jeremy Swayman without a rebound.
10:11 of 2nd period - Aleksander Barkov wins face-off versus Derek Ryan in Predators zone.
10:16 of 2nd period - Brayden Point is hit by Blake Comeau and loses puck.
11:04 of 2nd period - Backhand shot by Andrei Svechnikov.
11:04 of 2nd period - Shot Misses the Net.
11:06 of 2nd period - Snap shot by Alexander Romanov.
11:06 of 2nd period - Stopped by Jeremy Swayman without a rebound.
11:07 of 2nd period - Mike Hoffman wins face-off versus Aleksander Barkov in Predators zone.
11:39 of 2nd period - Cam Fowler is hit by Evander Kane.
12:36 of 2nd period - Snap shot by Aleksander Barkov.
12:36 of 2nd period - Stopped by Jordan Binnington with a rebound.
13:09 of 2nd period - Slapshot by Ryan Johansen.
13:09 of 2nd period - Stopped by Jeremy Swayman without a rebound.
13:10 of 2nd period - Logan Couture wins face-off versus Aleksander Barkov in Predators zone.
13:18 of 2nd period - Icing by Danny DeKeyser.
13:19 of 2nd period - Logan Couture wins face-off versus Aleksander Barkov in Predators zone.
13:32 of 2nd period - Snap shot by Andrei Svechnikov.
13:32 of 2nd period - Stopped by Jeremy Swayman without a rebound.
13:33 of 2nd period - Ryan Johansen wins face-off versus Radek Faksa in Predators zone.
13:38 of 2nd period - Wrist shot by Nikolaj Ehlers.
13:38 of 2nd period - Shot Misses the Net.
14:39 of 2nd period - Icing by Patric Hornqvist.
14:40 of 2nd period - Jay Beagle wins face-off versus Logan Couture in Predators zone.
15:04 of 2nd period - Mikhail Sergachev is hit by Jay Beagle and loses puck.
15:36 of 2nd period - Snap shot by Jay Beagle.
15:36 of 2nd period - Shot Misses the Net.
15:48 of 2nd period - Slapshot by Cal Clutterbuck.
15:48 of 2nd period - Shot Blocked by Alexander Romanov.
15:50 of 2nd period - Snap shot by Danny DeKeyser.
15:50 of 2nd period - Shot Misses the Net.
15:52 of 2nd period - Wrist shot by Brandon Hagel.
15:52 of 2nd period - Stopped by Jordan Binnington with a rebound.
15:54 of 2nd period - Slapshot by Danny DeKeyser.
15:54 of 2nd period - Shot Blocked by Alexander Romanov.
15:56 of 2nd period - Wrist shot by Jack Johnson.
15:56 of 2nd period - Stopped by Jordan Binnington with a rebound.
15:58 of 2nd period - Wrist shot by Jay Beagle.
15:58 of 2nd period - Deflect By Brandon Hagel.
15:58 of 2nd period - Stopped by Jordan Binnington without a rebound.
15:59 of 2nd period - Aleksander Barkov wins face-off versus Ryan Johansen in Maple Leafs zone.
16:00 of 2nd period - Wrist shot by Brayden Point.
16:00 of 2nd period - Shot Hit the Post.
16:11 of 2nd period - Snap shot by Nikolaj Ehlers.
16:11 of 2nd period - Shot Blocked by Adam Fox.
16:19 of 2nd period - Alex Iafallo is hit by Brayden Point and loses puck.
16:55 of 2nd period - Snap shot by Nikolaj Ehlers.
16:55 of 2nd period - Stopped by Jeremy Swayman with a rebound.
16:59 of 2nd period - Slapshot by Nikolaj Ehlers.
16:59 of 2nd period - Stopped by Jeremy Swayman without a rebound.
17:00 of 2nd period - Radek Faksa wins face-off versus Mike Hoffman in Predators zone.
17:17 of 2nd period - Wrist shot by Egor Sharangovich.
17:17 of 2nd period - Goal by Egor Sharangovich - Maple Leafs : 1 - Predators : 3.
17:18 of 2nd period - Radek Faksa wins face-off versus Mike Hoffman in neutral zone.
17:21 of 2nd period - Wrist shot by Samuel Girard.
17:21 of 2nd period - Stopped by Jordan Binnington with a rebound.
17:23 of 2nd period - Slapshot by Samuel Girard.
17:23 of 2nd period - Shot Blocked by Cam Fowler.
17:50 of 2nd period - Hampus Lindholm is hit by Carl Soderberg and loses puck.
18:13 of 2nd period - Snap shot by Logan Couture.
18:13 of 2nd period - Stopped by Jeremy Swayman without a rebound.
18:14 of 2nd period - Logan Couture wins face-off versus Aleksander Barkov in Predators zone.
18:15 of 2nd period - Snap shot by Andrei Svechnikov.
18:15 of 2nd period - Stopped by Jeremy Swayman with a rebound.
18:17 of 2nd period - Wrist shot by Logan Couture.
18:17 of 2nd period - Goal by Logan Couture - Maple Leafs : 2 - Predators : 3.
18:18 of 2nd period - Mike Hoffman wins face-off versus Aleksander Barkov in neutral zone.
18:45 of 2nd period - Radek Faksa is hit by Hampus Lindholm and loses puck.
18:54 of 2nd period - Snap shot by Egor Sharangovich.
18:54 of 2nd period - Stopped by Jordan Binnington without a rebound.
18:55 of 2nd period - Logan Couture wins face-off versus Milan Lucic in Maple Leafs zone.
19:03 of 2nd period - Off-side.
19:04 of 2nd period - Carl Soderberg wins face-off versus Logan Couture in neutral zone.
19:09 of 2nd period - Snap shot by Adam Fox.
19:09 of 2nd period - Shot Blocked by Hampus Lindholm.
19:11 of 2nd period - Slapshot by Milan Lucic.
19:11 of 2nd period - Deflect By Brandon Tanev.
19:11 of 2nd period - Shot Misses the Net.
19:11 of 2nd period - Puck is out of play.
19:12 of 2nd period - Radek Faksa wins face-off versus Mike Hoffman in Maple Leafs zone.
19:33 of 2nd period - Ryan Johansen is hit by Radek Faksa and loses puck.
Goals for this period are 1 for Maple Leafs vs 2 for Predators.
Shots for this period are 12 for Maple Leafs vs 16 for Predators.

3rd period


0:01 of 3rd period - Anthony Duclair wins face-off versus Mike Hoffman in neutral zone.
0:26 of 3rd period - Nikolaj Ehlers is hit by Vladislav Gavrikov and loses puck.
0:53 of 3rd period - Radek Faksa is hit by Brandon Tanev and loses puck.
1:34 of 3rd period - Snap shot by Aleksander Barkov.
1:34 of 3rd period - Shot Blocked by Mikhail Sergachev.
1:36 of 3rd period - Slapshot by Aleksander Barkov.
1:36 of 3rd period - Stopped by Jordan Binnington with a rebound.
1:38 of 3rd period - Slapshot by Danny DeKeyser.
1:38 of 3rd period - Shot Blocked by Mikhail Sergachev.
2:19 of 3rd period - Snap shot by Adam Fox.
2:19 of 3rd period - Stopped by Jordan Binnington with a rebound.
2:35 of 3rd period - Snap shot by Blake Comeau.
2:35 of 3rd period - Shot Misses the Net.
2:57 of 3rd period - Wrist shot by Nikolaj Ehlers.
2:57 of 3rd period - Stopped by Jeremy Swayman with a rebound.
3:23 of 3rd period - Wrist shot by Jesper Bratt.
3:23 of 3rd period - Stopped by Jeremy Swayman without a rebound.
3:24 of 3rd period - Carl Soderberg wins face-off versus Logan Couture in Predators zone.
3:26 of 3rd period - Icing by Adam Fox.
3:27 of 3rd period - Carl Soderberg wins face-off versus Logan Couture in Predators zone.
3:42 of 3rd period - Snap shot by Logan Couture.
3:42 of 3rd period - Stopped by Jeremy Swayman with a rebound.
4:04 of 3rd period - Snap shot by Aleksander Barkov.
4:04 of 3rd period - Stopped by Jordan Binnington without a rebound.
4:05 of 3rd period - Mike Hoffman wins face-off versus Evander Kane in Maple Leafs zone.
4:18 of 3rd period - Snap shot by Jesper Bratt.
4:18 of 3rd period - Stopped by Jeremy Swayman with a rebound.
4:35 of 3rd period - Wrist shot by Andrei Svechnikov.
4:35 of 3rd period - Stopped by Jeremy Swayman with a rebound.
4:37 of 3rd period - Snap shot by Logan Couture.
4:37 of 3rd period - Shot Blocked by Radek Faksa.
4:39 of 3rd period - Wrist shot by Logan Couture.
4:39 of 3rd period - Deflect By Radek Faksa.
4:39 of 3rd period - Stopped by Jeremy Swayman with a rebound.
4:41 of 3rd period - Snap shot by Andrei Svechnikov.
4:41 of 3rd period - Stopped by Jeremy Swayman without a rebound.
4:42 of 3rd period - Aleksander Barkov wins face-off versus Ryan Johansen in Predators zone.
4:42 of 3rd period - Aleksander Barkov is hit by Ben Hutton.
4:58 of 3rd period - Snap shot by Nikolaj Ehlers.
4:58 of 3rd period - Shot Hit the Post.
5:14 of 3rd period - Slapshot by Jesper Bratt.
5:14 of 3rd period - Stopped by Jeremy Swayman without a rebound.
5:15 of 3rd period - Carl Soderberg wins face-off versus Mike Hoffman in Predators zone.
5:24 of 3rd period - Slapshot by Jesper Bratt.
5:24 of 3rd period - Shot Misses the Net.
5:40 of 3rd period - Adam Fox is hit by Logan Couture and loses puck.
6:23 of 3rd period - Wrist shot by Mattias Janmark.
6:23 of 3rd period - Stopped by Jeremy Swayman without a rebound.
6:24 of 3rd period - Jay Beagle wins face-off versus Derek Ryan in Predators zone.
6:49 of 3rd period - Brandon Hagel is hit by Blake Comeau and loses puck.
7:02 of 3rd period - Snap shot by Jay Beagle.
7:02 of 3rd period - Shot Misses the Net.
7:45 of 3rd period - Slapshot by Jack Johnson.
7:45 of 3rd period - Shot Blocked by Mattias Janmark.
7:50 of 3rd period - Wrist shot by Danny DeKeyser.
7:50 of 3rd period - Shot Misses the Net.
8:24 of 3rd period - Wrist shot by Brandon Hagel.
8:24 of 3rd period - Deflect By Cal Clutterbuck.
8:24 of 3rd period - Stopped by Jordan Binnington with a rebound.
8:26 of 3rd period - Wrist shot by Jay Beagle.
8:26 of 3rd period - Shot Blocked by Travis Dermott.
8:28 of 3rd period - Snap shot by Brandon Hagel.
8:28 of 3rd period - Deflect By Mattias Janmark.
8:28 of 3rd period - Shot Blocked by Travis Dermott.
8:28 of 3rd period - Puck is out of play.
8:29 of 3rd period - Brayden Point wins face-off versus Ryan Johansen in Maple Leafs zone.
9:01 of 3rd period - Wrist shot by Brandon Tanev.
9:01 of 3rd period - Stopped by Jeremy Swayman without a rebound.
9:02 of 3rd period - Carl Soderberg wins face-off versus Mike Hoffman in Predators zone.
9:07 of 3rd period - Alexander Romanov is hit by Carl Soderberg and loses puck.
9:30 of 3rd period - Snap shot by Adam Fox.
9:30 of 3rd period - Stopped by Jordan Binnington without a rebound.
9:31 of 3rd period - Logan Couture wins face-off versus Aleksander Barkov in Maple Leafs zone.
9:58 of 3rd period - Samuel Girard is hit by Nikolaj Ehlers and loses puck.
10:04 of 3rd period - Icing by Samuel Girard.
10:05 of 3rd period - Ryan Johansen wins face-off versus Radek Faksa in Predators zone.
10:44 of 3rd period - Snap shot by Alex Iafallo.
10:44 of 3rd period - Stopped by Jeremy Swayman with a rebound.
10:46 of 3rd period - Snap shot by Nikolaj Ehlers.
10:46 of 3rd period - Stopped by Jeremy Swayman with a rebound.
10:48 of 3rd period - Snap shot by Ryan Johansen.
10:48 of 3rd period - Stopped by Jeremy Swayman with a rebound.
10:50 of 3rd period - Slapshot by Alexander Romanov.
10:50 of 3rd period - Stopped by Jeremy Swayman without a rebound.
10:51 of 3rd period - Aleksander Barkov wins face-off versus Mike Hoffman in Predators zone.
10:58 of 3rd period - Slapshot by Adam Fox.
10:58 of 3rd period - Shot Blocked by Jesper Bratt.
11:37 of 3rd period - Backhand shot by Mattias Janmark.
11:37 of 3rd period - Shot Blocked by Adam Fox.
11:53 of 3rd period - Wrist shot by Adam Fox.
11:53 of 3rd period - Stopped by Jordan Binnington without a rebound.
11:54 of 3rd period - Aleksander Barkov wins face-off versus Mike Hoffman in Maple Leafs zone.
12:15 of 3rd period - Minor Penalty to Vladislav Gavrikov for Tripping.
12:16 of 3rd period - Jay Beagle wins face-off versus Mike Hoffman in Predators zone.
12:16 of 3rd period - Jay Beagle is hit by Ben Hutton.
13:41 of 3rd period - Icing by Cam Fowler.
13:42 of 3rd period - Jay Beagle wins face-off versus Ryan Johansen in Maple Leafs zone.
13:53 of 3rd period - Evander Kane is hit by Andrei Svechnikov and loses puck.
14:15 of 3rd period - Penalty to Vladislav Gavrikov is over, Vladislav Gavrikov is back on ice.
14:30 of 3rd period - Hampus Lindholm is hit by Samuel Girard and loses puck.
16:14 of 3rd period - Andrei Svechnikov is hit by Jay Beagle and loses puck.
16:19 of 3rd period - Slapshot by Samuel Girard.
16:19 of 3rd period - Stopped by Jordan Binnington with a rebound.
16:21 of 3rd period - Slapshot by Vladislav Gavrikov.
16:21 of 3rd period - Shot Misses the Net.
18:17 of 3rd period - Patric Hornqvist is hit by Andrei Svechnikov and loses puck.
18:32 of 3rd period - Alexander Romanov is hit by Evander Kane and loses puck.
18:53 of 3rd period - Brayden Point is hit by Brandon Tanev and loses puck.
19:06 of 3rd period - Maple Leafs, Jordan Binnington is pulled from the net.
19:12 of 3rd period - Snap shot by Nikolaj Ehlers.
19:12 of 3rd period - Shot Blocked by Aleksander Barkov.
19:28 of 3rd period - Snap shot by Alex Iafallo.
19:28 of 3rd period - Stopped by Jeremy Swayman with a rebound.
Goals for this period are 0 for Maple Leafs vs 0 for Predators.
Shots for this period are 15 for Maple Leafs vs 7 for Predators. Output by the SimonT Hockey Simulator (STHS) for Eric Tremblay - Original Page W3C HTML5 Valid
Hockey Simulator - Hockey Simulation - Hockey Manager